 Dungeon Crawl Stone Soup version 0.31-a0-152-g6aa68a64a1 (webtiles) character file.

Game seed: 8173672164371918872

231 qw the Shooter (level 6, -12/56 HPs)
             Began as a Naga Hunter on June 10, 2023.
             Mangled by Pikel
             ... wielding a +2 whip of electrocution
              (15 damage)
             ... on level 4 of the Dungeon.
             The game lasted 00:01:04 (2888 turns).

qw the Shooter (Naga Hunter)                        Turns: 2888, Time: 00:01:04

Health: -12/56     AC:  3    Str: 13    XL:     6   Next: 4%
Magic:  6/6        EV:  9    Int: 10    God:
Gold:   869        SH:  0    Dex: 16    Spells: 5/5 levels left

rFire   . . .        Y - +0 shortbow
rCold   . . .        (shield currently unavailable)
rNeg    . . .        c - +0 leather armour
rPois   +            (no helmet)
rElec   .            (no cloak)
rCorr   .            (no gloves)
SInv    +            (no barding)
Will    .....        (no amulet)
Stlth   ++           (no ring)
HPRegen 0.29/turn    (no ring)
MPRegen 0.10/turn

%: no passive effects
@: short of breath, very slow
A: AC +2, large, see invisible, deformed body, poison resistance, slowness 2,
spit poison 1, naga tail 1
a: Spit Poison


You were on level 4 of the Dungeon.
You visited 1 branch of the dungeon, and saw 4 of its levels.

You collected 897 gold pieces.
You spent 28 gold pieces at shops.


Innate Abilities, Weirdness & Mutations

Your serpentine skin is tough. (AC +2)
You have supernaturally acute eyesight. (SInv)
Armour fits poorly on your strangely shaped body.
Your system is resistant to poisons. (rPois)
You cover ground very slowly.
You can spit poison.
You have a snake-like lower body.


   Skills:
 + Level 3.1 Fighting
 - Level 6.0 Ranged Weapons
 - Level 1.5 Dodging
 - Level 1.5 Stealth


You had 5 spell levels left.
You didn't know any spells.
Your spell library was empty.

Inventory:

Hand Weapons
 Y - a +0 shortbow (weapon)
Armour
 c - a +0 leather armour (worn)
Scrolls
 b - a scroll of enchant armour
 f - a scroll of identify
 g - a scroll of fear {unknown}
Potions
 a - a potion of resistance
 d - a potion of degeneration {unknown}
 e - 2 potions of mutation
 h - a potion of ambrosia {unknown}
 i - a potion of curing {unknown}
 j - 2 potions of heal wounds {unknown}

Dungeon Overview and Level Annotations

Branches:
Dungeon (4/15)
 Temple: D:4-7

Altars:
Kikubaaqudgha
Uskayaw

Shops:
D:1 *

Annotations:
D:4 Pikel


Message History

You shoot an arrow. The arrow misses the lemure.
The arrow closely misses Pikel.
The arrow barely misses the lemure.
You kill the lemure!
That felt strangely unrewarding.
You shoot an arrow. The arrow barely misses Pikel.
The arrow barely misses the lemure.
You shoot an arrow. The arrow closely misses Pikel.
The arrow hits the lemure!
The lemure is heavily wounded.
You have got your breath back.
Pikel hits you with a +2 whip of electrocution!
You are electrocuted!
2884 ||| INVOKING Spit Poison.
Aiming: Spit Poison (1% risk of failure)
Press: ? - help, Shift-Dir - straight line, f/p - Pikel The splash of poison hits Pikel.
Pikel is lightly wounded.
A lemure comes into view.
Pikel hits you with a +2 whip of electrocution!
You shoot an arrow. The arrow closely misses Pikel.
The arrow closely misses the lemure.
The lemure shouts!
Pikel closely misses you.
You shoot an arrow. The arrow barely misses Pikel.
The arrow barely misses the lemure.
The arrow hits the lemure.
The lemure is lightly wounded.
You have got your breath back.
Pikel hits you with a +2 whip of electrocution.
2887 ||| INVOKING Spit Poison.
Aiming: Spit Poison (1% risk of failure)
Press: ? - help, Shift-Dir - straight line, f/p - Pikel The splash of poison hits Pikel but does no damage.
Pikel is poisoned.
Pikel is lightly wounded.
Pikel hits you with a +2 whip of electrocution.
You shoot an arrow. The arrow hits Pikel!
Pikel is moderately wounded.
Pikel barely misses you.
Pikel hits you with a +2 whip of electrocution!
You are electrocuted!
You die...

#......####.#......###.#
#.#.......#.#.....## #.#
#.#######.#....(..# #.#
#.############.#
#.#............#
#.#.############ #.#.#
#.#.# #@#.# #K#.# #5#.#
#5#.# #.#.# #.#.# #.#.#
..#.# #####.#


You could see Pikel (poisoned) and 2 lemures.

Vanquished Creatures
  2 lemures (D:4)
  A vampire bat (D:3)
  An iguana (D:3)
  4 gnolls (D:3)
  4 adders
  A worm (D:2)
  5 dart slugs
  An orc (D:4)
  4 ball pythons
  4 bat skeletons (D:3)
  2 bat zombies (D:3)
  3 endoplasms
  2 giant cockroaches
  6 goblins
  8 hobgoblins
  3 jackals (D:2)
  8 kobolds
  2 quokkas
  8 bats
  8 frilled lizards
  3 rats (D:3)
80 creatures vanquished.

Notes
Turn   | Place    | Note
-------+----------+-------------------------------------------
     0 | D:1      | qw the Naga Hunter began the quest for the Orb.
     0 | D:1      | Reached XP level 1. HP: 19/19 MP: 1/1
     0 | D:1      | 0 ||| qw: Version: 0.2-a-122-gbc61b45
     0 | D:1      | 0 ||| qw: Game counter: 3622
     0 | D:1      | 0 ||| qw: Always use a shield: true
     0 | D:1      | 0 ||| qw: God list: Okawaru
     0 | D:1      | 0 ||| qw: Allow faded altars: false
     0 | D:1      | 0 ||| qw: Do Orc after D:15 true
     0 | D:1      | 0 ||| qw: Do second Lair branch before Depths: true
     0 | D:1      | 0 ||| qw: Lair rune preference: random
     0 | D:1      | 0 ||| qw: Plans: Normal
     0 | D:1      | 0 ||| PLANNING D:1-11
    67 | D:1      | 67 ||| INVOKING Spit Poison.
    75 | D:1      | 75 ||| INVOKING Spit Poison.
    80 | D:1      | 80 ||| INVOKING Spit Poison.
    86 | D:1      | 86 ||| INVOKING Spit Poison.
    89 | D:1      | 89 ||| INVOKING Spit Poison.
   124 | D:1      | 124 ||| INVOKING Spit Poison.
   132 | D:1      | 132 ||| INVOKING Spit Poison.
   135 | D:1      | Reached skill level 4 in Ranged Weapons
   135 | D:1      | Reached XP level 2. HP: 26/26 MP: 2/2
   142 | D:1      | 142 ||| INVOKING Spit Poison.
   147 | D:1      | 147 ||| INVOKING Spit Poison.
   153 | D:1      | 153 ||| INVOKING Spit Poison.
   157 | D:1      | 157 ||| INVOKING Spit Poison.
   167 | D:1      | 167 ||| INVOKING Spit Poison.
   195 | D:1      | 195 ||| INVOKING Spit Poison.
   223 | D:1      | 223 ||| INVOKING Spit Poison.
   229 | D:1      | 229 ||| INVOKING Spit Poison.
   233 | D:1      | 233 ||| INVOKING Spit Poison.
   268 | D:1      | Found Jocuel's General Store.
   277 | D:1      | 277 ||| SHOPLISTING +1 sling of flaming (135 gold, have
                  | 37).
   277 | D:1      | 277 ||| SHOPLISTING potion of resistance (140 gold, have
                  | 37).
   277 | D:1      | 277 ||| BUYING scroll of identify (28 gold).
   277 | D:1      | Bought a scroll of identify for 28 gold pieces
   321 | D:1      | 321 ||| INVOKING Spit Poison.
   324 | D:1      | 324 ||| INVOKING Spit Poison.
   353 | D:1      | 353 ||| INVOKING Spit Poison.
   395 | D:1      | 395 ||| READING scroll labelled OLOYDW HESIUS.
   396 | D:1      | 396 ||| DRINKING 2 bubbling grey potions.
   397 | D:1      | 397 ||| DROPPING scroll of butterflies.
   398 | D:1      | 398 ||| DROPPING potion of invisibility.
   426 | D:2      | Reached XP level 3. HP: 32/32 MP: 3/3
   442 | D:2      | 442 ||| INVOKING Spit Poison.
   457 | D:2      | 457 ||| INVOKING Spit Poison.
   463 | D:2      | 463 ||| INVOKING Spit Poison.
   468 | D:2      | 468 ||| INVOKING Spit Poison.
   521 | D:2      | 521 ||| INVOKING Spit Poison.
   526 | D:2      | 526 ||| INVOKING Spit Poison.
   536 | D:2      | 536 ||| INVOKING Spit Poison.
   597 | D:2      | 597 ||| INVOKING Spit Poison.
   602 | D:2      | 602 ||| INVOKING Spit Poison.
   608 | D:2      | 608 ||| INVOKING Spit Poison.
   627 | D:2      | Found a hide-covered altar of Uskayaw.
   647 | D:2      | 647 ||| INVOKING Spit Poison.
   650 | D:2      | 650 ||| INVOKING Spit Poison.
   656 | D:2      | 656 ||| INVOKING Spit Poison.
   660 | D:2      | 660 ||| INVOKING Spit Poison.
   662 | D:2      | HP: 8/32 [jackal (1)]
   794 | D:2      | 794 ||| INVOKING Spit Poison.
   831 | D:2      | 831 ||| INVOKING Spit Poison.
   833 | D:2      | Reached skill level 5 in Ranged Weapons
   833 | D:2      | Reached XP level 4. HP: 39/39 MP: 4/4
   908 | D:2      | 908 ||| INVOKING Spit Poison.
   926 | D:2      | 926 ||| INVOKING Spit Poison.
   929 | D:2      | 929 ||| INVOKING Spit Poison.
   955 | D:2      | 955 ||| INVOKING Spit Poison.
  1179 | D:2      | 1179 ||| INVOKING Spit Poison.
  1185 | D:2      | 1185 ||| INVOKING Spit Poison.
  1270 | D:2      | 1270 ||| INVOKING Spit Poison.
  1274 | D:2      | 1274 ||| INVOKING Spit Poison.
  1334 | D:2      | Found a faded altar of an unknown god.
  1579 | D:2      | 1579 ||| READING scroll labelled TAAQUQUGIKH.
  1580 | D:2      | 1580 ||| READING scroll labelled NYRA DOISO.
  1580 | D:2      | Identified a scroll of acquirement
  1580 | D:2      | 1580 ||| ACQUIRING 710 gold pieces
  1580 | D:2      | Acquired 710 gold pieces
  1582 | D:2      | 1582 ||| READING scroll labelled EPLU SUELL.
  1583 | D:2      | 1583 ||| READING 3 scrolls of identify.
  1583 | D:2      | 1583 ||| IDENTIFYING purple potion
  1584 | D:2      | 1584 ||| READING 2 scrolls of identify.
  1584 | D:2      | 1584 ||| IDENTIFYING glowing amethyst potion
  1585 | D:2      | 1585 ||| DROPPING potion of attraction.
  1628 | D:3      | 1628 ||| INVOKING Spit Poison.
  1642 | D:3      | 1642 ||| INVOKING Spit Poison.
  1643 | D:3      | 1643 ||| INVOKING Spit Poison.
  1664 | D:3      | 1664 ||| INVOKING Spit Poison.
  1738 | D:3      | 1738 ||| INVOKING Spit Poison.
  1808 | D:3      | 1808 ||| INVOKING Spit Poison.
  1811 | D:3      | 1811 ||| INVOKING Spit Poison.
  1814 | D:3      | Reached skill level 3 in Fighting
  1817 | D:3      | 1817 ||| INVOKING Spit Poison.
  1821 | D:3      | Reached XP level 5. HP: 45/49 MP: 5/5
  1878 | D:3      | 1878 ||| INVOKING Spit Poison.
  1914 | D:3      | Found an ancient bone altar of Kikubaaqudgha.
  2021 | D:3      | 2021 ||| INVOKING Spit Poison.
  2027 | D:3      | 2027 ||| INVOKING Spit Poison.
  2054 | D:3      | 2054 ||| INVOKING Spit Poison.
  2059 | D:3      | 2059 ||| INVOKING Spit Poison.
  2167 | D:3      | 2167 ||| INVOKING Spit Poison.
  2173 | D:3      | 2173 ||| INVOKING Spit Poison.
  2434 | D:3      | 2434 ||| INVOKING Spit Poison.
  2440 | D:3      | 2440 ||| INVOKING Spit Poison.
  2551 | D:3      | 2551 ||| READING 2 scrolls of identify.
  2551 | D:3      | 2551 ||| IDENTIFYING fizzy dark potion
  2616 | D:4      | 2616 ||| INVOKING Spit Poison.
  2618 | D:4      | Reached skill level 6 in Ranged Weapons
  2618 | D:4      | Reached XP level 6. HP: 56/56 MP: 6/6
  2653 | D:4      | 2653 ||| INVOKING Spit Poison.
  2720 | D:4      | 2720 ||| INVOKING Spit Poison.
  2793 | D:4      | 2793 ||| INVOKING Spit Poison.
  2797 | D:4      | 2797 ||| INVOKING Spit Poison.
  2802 | D:4      | 2802 ||| INVOKING Spit Poison.
  2874 | D:4      | Noticed Pikel
  2874 | D:4      | 2874 ||| INVOKING Spit Poison.
  2877 | D:4      | 2877 ||| INVOKING Spit Poison.
  2884 | D:4      | 2884 ||| INVOKING Spit Poison.
  2887 | D:4      | 2887 ||| INVOKING Spit Poison.
  2887 | D:4      | HP: 12/56 [Pikel/+2 whip of electrocution (5)]
  2888 | D:4      | HP: 3/56 [Pikel/+2 whip of electrocution (9)]
  2888 | D:4      | Mangled by Pikel

Levels and vault maps discovered:
D:1:      minmay_arrival_widening_spiral_wide, layout_rooms, serial_shops,
          shop_fountains
D:2:      minmay_door_path, layout_basic, nicolae_ecumenical_lake_church,
          basic_altar
D:3:      layout_basic, kennysheep_vampire_church, minmay_misc_feat_enclosed
D:4:      layout_basic, mainiacjoe_overflow_six_doors_small, uniq_pikel

Skill      XL: |  1  2  3  4  5 |
---------------+----------------+-----
Ranged Weapons | 4 5 6 |  6.0
Fighting       | 3 |  3.1
Dodging        | |  1.5
Stealth        | |  1.5

Action                     |  1- 3 |  4- 6 || total
---------------------------+-------+-------++-------
   Fire: Shortbow          |    87 |   102 ||   189
Ability: Spit Poison       |    35 |    34 ||    69
    Use: Scroll            |     1 |     6 ||     7
         Potion            |     1 |       ||     1
 Armour: Leather armour    |    20 |    33 ||    53
  Dodge: Dodged            |    38 |    37 ||    75

Table legend:
 A = Non-vault XP
 B = Vault XP
 C = Vault XP percentage of total XP
 D = Non-vault monster count
 E = Vault monster count
 F = Vault count percentage of total count
                 A         B        C        D         E       F
            +---------+---------+-------+---------+---------+-------
      Total |     241 |      90 |  27.2 |      67 |      11 |  14.1
            +---------+---------+-------+---------+---------+-------
        D:1 |      33 |       0 |   0.0 |      18 |       0 |   0.0
        D:2 |      66 |      23 |  25.8 |      22 |       4 |  15.4
        D:3 |     122 |      67 |  35.4 |      23 |       7 |  23.3
        D:4 |      20 |       0 |   0.0 |       4 |       0 |   0.0
            +---------+---------+-------+---------+---------+-------
